 Dungeon Crawl Stone Soup version 0.30-a0-134-gb40fab5c76 (webtiles) character file.

Game seed: 1457576465582710418

113 SpaceButler the Magician (level 4, 0/55 HPs)
             Began as a Draconian Transmuter on Sept 20, 2022.
             Was an Initiate of Ru.
             Succumbed to a killer bee's poison
             ... on level 3 of the Dungeon.
             The game lasted 00:08:42 (2509 turns).

SpaceButler the Magician (Draconian Transmuter)     Turns: 2509, Time: 00:08:42

Health: 0/55       AC: 22    Str: 12    XL:     4   Next: 65%
Magic:  6/8        EV:  2    Int: 16    God:    Ru [......]
Gold:   104        SH:  5    Dex: 11    Spells: 5/9 levels left

rFire   . . .      SeeInvis .      - Unarmed
rCold   . . .      Faith    .    (no shield)
rNeg    . . .      Spirit   .    (body armour unavailable)
rPois   +          Reflect  +    (helmet currently unavailable)
rElec   .          Harm     .    (cloak currently unavailable)
rCorr   .          Rampage  .    (gloves currently unavailable)
Will    .....      NoTele   +    (boots currently unavailable)
Stlth   +.........               b - amulet of reflection
HPRegen 0.18/turn                (no ring)
MPRegen 0.11/turn                (no ring)

@: lethally poisoned (0 -> -16), tree-form, very slightly contaminated
A: stationary, stasis, torment immunity, boosted hp, AC +5, unfitting armour,
(cold-blooded)
a: Renounce Religion


You were on level 3 of the Dungeon.
You worshipped Ru.
Ru was noncommittal.
You were a tree.
You visited 1 branch of the dungeon, and saw 4 of its levels.

You collected 104 gold pieces.

Inventory:

Missiles
 i - 21 stones
 p - 7 poisoned darts
Jewellery
 b - an amulet of reflection (around neck)
Wands
 j - a wand of polymorph (3)
Scrolls
 d - a scroll of immolation {unknown}
 f - a scroll of amnesia {unknown}
 g - 6 scrolls of identify {unknown}
 k - a scroll of magic mapping {unknown}
 l - a scroll of fear {unknown}
 m - a scroll of torment {unknown}
 n - a scroll of teleportation {unknown}
 q - a scroll of butterflies {unknown}
Potions
 c - a potion of flight {unknown}
 e - a potion of curing {unknown}
 h - a potion of mutation {unknown}
 o - a potion of resistance {unknown}


   Skills:
 + Level 2.4 Fighting
 - Level 1.7 Dodging
 + Level 3.1 Unarmed Combat
 * Level 3.2 Spellcasting
 + Level 2.7 Transmutations
 * Level 1.4 Poison Magic


You had 5 spell levels left.
You knew the following spells:

 Your Spells              Type           Power      Damage    Failure   Level
a - Beastly Appendage     Tmut           22%        N/A       6%          1
b - Spider Form           Tmut/Pois      9%         N/A       24%         3

Your spell library contained the following spells:

 Spells                   Type           Power      Damage    Failure   Level
 Wereblood                Tmut           11%        N/A       9%          2
 Ice Form                 Ice/Tmut       6%         N/A       71%         4
 Freezing Cloud           Conj/Ice/Air   1%         6-21      99%         5
 Simulacrum               Ice/Necr       1%         N/A       100%        6
 Polar Vortex             Ice            1%         N/A       100%        9


Dungeon Overview and Level Annotations

Branches:
Dungeon (4/15)
 Temple: D:4-7

Altars:
Ru


Innate Abilities, Weirdness & Mutations

You are a tree.
Your roots penetrate the ground, keeping you stationary.
You cannot be teleported.
You are immune to unholy pain and torment.
Your maximum health is greatly increased.
Your equipment is partially melded.
((Your plain brown scales are hard. (AC +5)))
You cannot fit into any form of body armour.
((You are cold-blooded and may be slowed by cold attacks.))


Message History

The killer bee closely misses you. You block the killer bee's attack.
The killer bee stings you.
You are poisoned.
The killer bee poisons you!
You climb upwards.
You feel very sick.
There is a stone staircase leading down here.
You barely miss the killer bee.
You feel sick. The killer bee completely misses you.
Casting: Beastly Appendage (safe; 6% risk of failure)
Confirm with . or Enter, or press ? or * to list all spells.
You miscast Beastly Appendage.
You are very lightly contaminated with residual magic.
Nothing appears to happen.
You feel sick. The killer bee stings you. The killer bee misses you.
You closely miss the killer bee.
You feel sick. The killer bee stings you.
You are more poisoned.
The killer bee poisons you! You block the killer bee's attack.
You closely miss the killer bee.
Your tail-slap misses the killer bee.
You feel very sick. The killer bee barely misses you.
The killer bee stings you.
Casting: Beastly Appendage (safe; 6% risk of failure)
Confirm with . or Enter, or press ? or * to list all spells.
You grow a pair of large bovine horns.
Your feet morph into talons.
You feel very sick. The killer bee misses you. The killer bee stings you.
You closely miss the killer bee.
You feel sick. The killer bee misses you. The killer bee closely misses you.
You completely miss the killer bee. Your kick misses the killer bee.
You feel sick.
The killer bee stings you but does no damage.
The killer bee stings you!
* * * LOW HITPOINT WARNING * * *
You are more poisoned.
The killer bee poisons you!
Really quaff
a - a potion of lignification {!q}?
Really quaff the potion of lignification?
Your horns disappear.
Your talons disappear.
You turn into a tree.
Your roots penetrate the ground.
You die...

#.##.#.## #..........
#.#.....# #..........
#..#.#.## #..........
#.......######.........
#..#.#.#...# ##.....#..
####.........# ####...##
#....#.#.#...# ##...#
#........y...# #....
#....#.#♣#...### ##...#
#..............## ##.....
#....#.#.#......###).....
#.........##.............
#....#.#.####.#..........
#....#...# #.#....<.....
###..##..# #..##........
##.....# ##...........
###...# #....#......


You could see a killer bee.

Vanquished Creatures
  4 adders (D:2)
  3 worms (D:2)
  3 dart slugs
  6 bats
  6 endoplasms
  A giant cockroach (D:3)
  6 hobgoblins
  7 jackals (D:2)
  2 kobolds (D:3)
  5 quokkas
  4 ball pythons
  2 frilled lizards
  6 goblins
  A rat (D:2)
56 creatures vanquished.

Vanquished Creatures (others)
  10 demonic plants (D:1)
  A plant (D:1)
  5 withered plants (D:1)
16 creatures vanquished.

Grand Total: 72 creatures vanquished

Notes
Turn   | Place    | Note
-------+----------+-------------------------------------------
     0 | D:1      | SpaceButler the Draconian Transmuter began the quest for
                  | the Orb.
     0 | D:1      | Reached XP level 1. HP: 16/16 MP: 3/3
   257 | D:1      | Reached XP level 2. HP: 23/23 MP: 3/5
   335 | D:1      | Found a faded altar of an unknown god.
   767 | D:2      | Reached XP level 3. HP: 28/29 MP: 5/7
   771 | D:2      | Learned a level 3 spell: Spider Form
  1180 | D:2      | Identified the +4 ring mail "Icaigeg" {rElec rF+ rC+ Int-5}
  1296 | D:2      | Reached XP level 4. HP: 26/36 MP: 6/8
  1299 | D:2      | Reached skill level 1 in Poison Magic
  1908 | D:3      | Found a sacrificial altar of Ru.
  1949 | D:3      | Became a worshipper of Ru the Awakened
  2509 | D:3      | Succumbed to a killer bee's poison

Illustrated notes

Levels and vault maps discovered:
D:1:      minmay_arrival_semitransparent, layout_rooms,
          shapermc_ecumenical_altar_gd
D:2:      layout_basic, serial_park_tiny_2
D:3:      layout_rooms, mainiacjoe_overflow_surrounded_room, st_stairs_13,
          kennysheep_cross_room
D:4:      layout_basic, mainiacjoe_overflow_brackets, tso_metal_star

Skill      XL: |  1  2  3  4 |
---------------+-------------+-----
Fighting       | 2 |  2.4
Spellcasting   | 3 |  3.2
Poison Magic   | 1 |  1.4
Dodging        | |  1.7
Unarmed Combat | |  3.1
Transmutations | |  2.7

Action                   |  1- 3 |  4- 6 || total
-------------------------+-------+-------++-------
Melee: Unarmed           |    86 |    93 ||   179
       Tailslap          |    11 |     8 ||    19
       Headbutt          |     9 |     3 ||    12
       Kick              |    14 |    12 ||    26
       Punch             |     3 |     2 ||     5
 Cast: Beastly Appendage |    18 |     9 ||    27
  Use: Potion            |       |     1 ||     1
Armor: Skin              |    18 |    41 ||    59
Dodge: Dodged            |    36 |    51 ||    87
Block: Other             |    13 |    19 ||    32
       Reflection        |       |     1 ||     1

Table legend: (Time is in decaauts)
 A = Elapsed time spent in this place.
 B = Non-inter-level travel time spent in this place.
 C = Inter-level travel time spent in this place.
 D = Time resting spent in this place.
 E = Time spent auto-exploring this place.
 F = Levels seen in this place.
 G = Mean time per level.
                   A        B        C        D        E       F      G
               +--------+--------+--------+--------+--------+-----+--------+
         Total |   2506 |   2381 |    125 |    377 |   1464 |   4 |  626.5 |
       Dungeon |   2506 |   2381 |    125 |    377 |   1464 |   4 |  626.5 |
               +--------+--------+--------+--------+--------+-----+--------+

Top non-repeatable levels by time:
     D:2: 1146 daAuts
     D:3: 689 daAuts
     D:1: 667 daAuts
     D:4: 1 daAuts
